AoeStats
← SnobbishPine893

Arena

506764755Analyzed
3v3 RM · 19d ago on Sep 15, 2026· 39m 31s· 6 players
Game mode
Random Map
Map size
Normal (6 player)
Population
200
Speed
Normal
Resources
Standard
Victory
Conquest
Starting age
Dark Age
Ending age
Imperial Age
RankedLock teamsTeams togetherTeam positionsShared explorationLock speedFull tech treeHidden civsTurbo modeCheats
Victory
Defeat
🇺🇸 Celts · United States
1283
+14
🇺🇸 Khitans · United States
1278
+14
🇺🇸 Cumans · United States
1264
+14
🇺🇸 Hindustanis · United States
1256
-16
🇨🇳 Saracens · China
1219
-13
🇨🇴 Persians · Colombia
1210
-13
StarMikego
11:03 Feudal Age
16:27 Castle Age
16:18 Double-Bit Axe
16:28 Gold Mining
22:56 Bow Saw
24:50 Gold Shaft Mining
25:11 Horse Collar
25:53 Scale Barding Armor
26:56 Chain Barding Armor
27:52 Forging
30:00 Wheelbarrow
29:11 Town Watch
29:11 Loom
30:55 Iron Casting
31:12 Bloodlines
31:03 Husbandry
31:11 Husbandry
SnobbishPine893
6:17 Loom
9:15 Feudal Age
10:57 Double-Bit Axe
16:20 Fletching
24:19 Castle Age
22:03 Horse Collar
23:06 Gold Mining
24:15 Stone Mining
24:39 Town Watch
25:34 Wheelbarrow
24:44 Town Watch
25:15 Bow Saw
25:07 Heavy Plow
29:28 Hand Cart
30:09 Husbandry
wuyu
10:59 Feudal Age
17:49 Castle Age
16:19 Double-Bit Axe
16:17 Horse Collar
24:49 Wheelbarrow
24:28 Heavy Plow
24:52 Gold Mining
FreakinAindreas16
10:58 Feudal Age
15:03 Castle Age
13:19 Horse Collar
13:41 Double-Bit Axe
13:49 Horse Collar
16:04 Bow Saw
17:37 Gold Mining
23:21 Scale Mail Armor
25:26 Wheelbarrow
25:31 Chain Mail Armor
25:48 Forging
28:48 Iron Casting
32:19 Pikeman
33:18 Arson
38:38 Man-at-Arms
39:03 Gambesons
snowball I
9:00 Feudal Age
10:02 Double-Bit Axe
10:27 Horse Collar
18:21 Gold Mining
22:22 Castle Age
20:33 Loom
21:24 Wheelbarrow
20:59 Scale Barding Armor
21:05 Forging
22:47 Bloodlines
22:27 Light Cavalry
23:23 Bow Saw
23:17 Heavy Plow
24:17 Chain Barding Armor
24:16 Hand Cart
25:24 Iron Casting
30:25 Town Watch
38:09 Town Patrol
42:20 Imperial Age
40:28 Gold Shaft Mining
Freestyle98
11:10 Feudal Age
9:27 Loom
11:13 Feudal Age
16:11 Double-Bit Axe
22:57 Castle Age
21:13 Stone Mining
21:17 Gold Mining
21:12 Domestication
24:51 Bow Saw
25:01 Pastoralism
26:35 Wheelbarrow
27:08 Forging
26:58 Scale Mail Armor
30:22 Squires
33:21 Iron Casting
35:23 Hand Cart
36:59 Chain Mail Armor
36:31 Arson
42:27 Imperial Age
Connection lost

Rejoining the realm…

Still unreachable

The connection could not be restored.

Session expired

The server has moved on; the page needs a fresh start.